 Dungeon Crawl Stone Soup version 0.29-a0-194-g6e3aafee17 (webtiles) character file.

Game seed: 14957072020453956163

380 bande the Covered (level 6, 0/38 HPs)
             Began as a Gargoyle Fighter on Feb 22, 2022.
             Slain by a scorpion (4 damage)
             ... on level 5 of the Dungeon.
             The game lasted 00:06:03 (3739 turns).

bande the Covered (Gargoyle Fighter)                Turns: 3739, Time: 00:06:03

Health: 0/38       AC: 13    Str: 19    XL:     6   Next: 75%
Magic:  6/6        EV:  9    Int:  9    God:
Gold:   120        SH:  4    Dex: 11    Spells: 5/5 levels left

rFire   . . .      SeeInvis .   a - +0 war axe
rCold   . . .      Faith    .   c - +0 buckler
rNeg    + . .      Spirit   .   b - +0 scale mail
rPois   ∞          Reflect  .   (no helmet)
rElec   +          Harm     .   g - +1 cloak
rCorr   .          Rampage  .   (no gloves)
Will    .....                   (no boots)
Stlth   ..........              (no amulet)
HPRegen 0.12/turn               i - ring of flight
MPRegen 0.10/turn               (no ring)

@: flying
A: sickness immunity, AC +4, negative energy resistance 1, electricity
resistance, torment resistance 1, petrification resistance
a: no special abilities


You were on level 5 of the Dungeon.
You visited 1 branch of the dungeon, and saw 5 of its levels.

You collected 120 gold pieces.

Inventory:

Hand Weapons
 a - a +0 war axe (weapon)
Armour
 b - a +0 scale mail (worn)
 c - a +0 buckler (worn)
 g - a +1 cloak (worn)
Jewellery
 i - a ring of flight (left hand)
Wands
 k - a wand of acid (5)
 l - a wand of digging (5)
Scrolls
 h - 3 scrolls of magic mapping
 m - a scroll of teleportation
 o - a scroll of amnesia {unknown}
Potions
 d - 2 potions of might
 e - 2 potions of heal wounds
 f - 3 potions of flight
 j - 2 potions of curing
 n - a potion of lignification {unknown}


   Skills:
 + Level 4.2 Fighting
 + Level 4.2 Axes
 + Level 4.5 Armour
 - Level 0.1 Stealth
 + Level 4.1 Shields
 * Level 1.9 Evocations


You had 5 spell levels left.
You didn't know any spells.
Your spell library contained the following spells:

 Spells                   Type           Power      Damage    Failure   Level
 Apportation              Tloc           0%         N/A       83%         1
 Freeze                   Ice            0%         1d3       83%         1
 Frozen Ramparts          Ice            0%         1d2       99%         3
 Tukima's Dance           Hex            0%         N/A       99%         3
 Anguish                  Hex/Necr       0%         N/A       100%        4
 Hailstorm                Conj/Ice       0%         3d3       100%        4
 Passage of Golubria      Tloc           0%         N/A       100%        4
 Summon Forest            Summ/Tloc      0%         N/A       100%        5
 Enfeeble                 Hex            0%         N/A       100%        7


Dungeon Overview and Level Annotations

Branches:
Dungeon (5/15)
 Temple: D:4-7

Altars:
Ashenzari

Shops:
D:5 ((


Innate Abilities, Weirdness & Mutations

You are immune to sickness and miasma.
Your stone body is resilient. (AC +4)
You are immune to poison.
You resist negative energy. (rN+)
You are resistant to electric shocks. (rElec)
You are resistant to unholy torment.
You are immune to petrification.


Message History

Unknown command.
You closely miss the water moccasin zombie.
The water moccasin zombie is lightly damaged.
You block the water moccasin zombie's attack.
You closely miss the scorpion.
The scorpion is lightly wounded.
The scorpion stings you but does no damage.
You closely miss the scorpion.
The scorpion is lightly wounded.
The scorpion stings you but does no damage.
You block the scorpion's attack.
You hit the scorpion.
The scorpion is moderately wounded.
The scorpion stings you.
You barely miss the scorpion.
The scorpion is moderately wounded.
The scorpion stings you. x2
* * * LOW HITPOINT WARNING * * *
You hit the scorpion.
The scorpion is moderately wounded.
The scorpion barely misses you.
You closely miss the scorpion.
The scorpion is moderately wounded.
The scorpion misses you. The scorpion barely misses you.
You hit the scorpion.
The scorpion is heavily wounded.
The scorpion stings you but does no damage. x2
You hit the scorpion.
The scorpion is severely wounded.
The scorpion stings you.
* * * LOW HITPOINT WARNING * * *
You barely miss the scorpion.
The scorpion is severely wounded.
The scorpion stings you but does no damage.
The scorpion stings you.
* * * LOW HITPOINT WARNING * * *
You closely miss the scorpion.
The scorpion is severely wounded.
The scorpion stings you.
You die...

#..# ........ ...#
#.#.#.# #..### .......#
# #..#.# .#.#.#.# .#
#...# ... ...###.###
#..# ..#####.........
#.## #.∩......Z......#
#..###.# #s###.#.#
##...#.# #######@......#
....#.## #..............
###.>..###..##########.#
#.........# ##...####.#
##.## #.# #.# #.# #.#
#.# ..> ..#


You could see a scorpion and a water moccasin zombie.

Vanquished Creatures
  A black bear (D:3)
  2 scorpions (D:4)
  A centaur zombie (D:5)
  7 adders
  A dart slug (D:2)
  8 bats
  9 endoplasms
  6 giant cockroaches
  7 goblins
  11 hobgoblins
  3 quokkas
  3 ball pythons
  6 frilled lizards
  7 kobolds
  6 rats
78 creatures vanquished.

Notes
Turn   | Place    | Note
-------+----------+-------------------------------------------
     0 | D:1      | bande the Gargoyle Fighter began the quest for the Orb.
     0 | D:1      | Reached XP level 1. HP: 14/14 MP: 1/1
    71 | D:1      | Reached XP level 2. HP: 16/19 MP: 2/2
   186 | D:1      | Reached XP level 3. HP: 19/24 MP: 3/3
   462 | D:1      | Found a faded altar of an unknown god.
  1813 | D:2      | Reached XP level 4. HP: 29/29 MP: 4/4
  2568 | D:3      | Reached XP level 5. HP: 30/33 MP: 5/5
  2685 | D:3      | Noticed a black bear
  2706 | D:3      | Killed a black bear
  2707 | D:3      | Reached skill level 1 in Evocations
  2707 | D:3      | Reached XP level 6. HP: 26/38 MP: 6/6
  3381 | D:4      | Found a broken altar of Ashenzari.
  3664 | D:5      | Entered Level 5 of the Dungeon
  3664 | D:5      | Found Tusaleda's Antique Weapon Boutique.
  3700 | D:5      | Found Hegab's Antique Weapon Shop.
  3713 | D:5      | Got Jeac's Catalogue of the Compass
  3739 | D:5      | Slain by a scorpion

Illustrated notes

Levels and vault maps discovered:
D:1:      minmay_arrival_open_corners, layout_rooms,
          ebering_ecumenical_altar_box
D:2:      layout_basic
D:3:      layout_basic
D:4:      layout_rooms, lemuel_doored_altar
D:5:      layout_loops_ring, serial_glass, glass_columns_b, glass_columns_a,
          glass_columns_b, glass_columns_a, serial_shops, nicolae_stop_n_shop_1,
          shop, shop, kennysheep_nondescript

Skill      XL: |  1  2  3  4  5  6 |
---------------+-------------------+-----
Axes           | 2 3 4 |  4.2
Armour         | 4 |  4.5
Fighting       | 4 |  4.2
Evocations     | 1 |  1.9
Shields        | 4 |  4.1
Stealth        | |  0.1

Action                   |  1- 3 |  4- 6 || total
-------------------------+-------+-------++-------
Melee: War axe           |    91 |   181 ||   272
  Use: Scroll            |     6 |     5 ||    11
       Potion            |       |     1 ||     1
Armor: Scale mail        |    53 |   146 ||   199
Dodge: Dodged            |    49 |   104 ||   153
Block: Buckler           |    19 |    52 ||    71

Table legend: (Time is in decaauts)
 A = Elapsed time spent in this place.
 B = Non-inter-level travel time spent in this place.
 C = Inter-level travel time spent in this place.
 D = Time resting spent in this place.
 E = Time spent auto-exploring this place.
 F = Levels seen in this place.
 G = Mean time per level.
                   A        B        C        D        E       F      G
               +--------+--------+--------+--------+--------+-----+--------+
         Total |   3845 |   3830 |     15 |    873 |   2091 |   5 |  769.0 |
       Dungeon |   3845 |   3830 |     15 |    873 |   2091 |   5 |  769.0 |
               +--------+--------+--------+--------+--------+-----+--------+

Top non-repeatable levels by time:
     D:3: 1141 daAuts
     D:1: 1017 daAuts
     D:2: 1011 daAuts
     D:4: 593 daAuts
     D:5: 82 daAuts
